 Dungeon Crawl Stone Soup version 0.26-a0-771-g060e6a62af (webtiles) character file.

Game seed: 7022498955266266169

331130 dickylongcocking the Spry (level 20, -6/141 HPs)
             Began as a Spriggan Venom Mage on Nov 7, 2020.
             Was an Initiate of Gozag.
             Mangled by a titan (15 damage)
             ... on level 4 of the Vaults on Nov 8, 2020.
             The game lasted 01:28:09 (60150 turns).

dickylongcocking the Spry (Spriggan Venom Mage)    Turns: 60150, Time: 01:28:10

Health: -6/141     AC: 36    Str:  8    XL:     20   Next: 86%
Magic:  42/42      EV: 34    Int: 25    God:    Gozag
Gold:   10564      SH: 11    Dex: 17    Spells: 20/53 levels left

rFire    + + +     SeeInvis +   E - +14 lance "Wyrmbane" {slay drac, rPois rF+ rC+ AC+3}
rCold    + + .     Faith    .   N - +3 buckler
rNeg     + . .     Spirit   .   (armour currently unavailable)
rPois    ∞         Reflect  .   B - +1 hat of Intercession {rF++ Str+4 Slay+2}
rElec    +         Harm     .   A - scarf {repulsion}
rCorr    +         Rampage  .   (gloves unavailable)
MR       +++..                  (boots unavailable)
Stlth    +++++.....             K - amulet of Beogh's Whim {RegenMP rF+}
HPRegen  0.33/turn              O - +4 ring of protection
MPRegen  0.53/turn              y - +4 ring of slaying

@: statue-form, resistant, gold aura, invisible, repel missiles, very slow
A: very small, unfitting armour, see invisible
}: 2/15 runes: decaying, serpentine
a: End Transformation, Potion Petition, Call Merchant, Bribe Branch, Renounce
Religion


You were on level 4 of the Vaults.
You worshipped Gozag.
Gozag was extremely pleased with you.
You were a stone statue.
You visited 7 branches of the dungeon, and saw 35 of its levels.
You visited the Abyss 1 time.
You also visited: Gauntlet.

You collected 17273 gold pieces.
You spent 3865 gold pieces at shops.
You paid 2844 gold pieces to Gozag.

Inventory:

Hand Weapons
 w - a +2 dagger of electrocution
 E - the +14 lance "Wyrmbane" (weapon) {slay drac, rPois rF+ rC+ AC+3}
   (You bought it in a shop on level 14 of the Dungeon)

   It affects your AC (+3).
   It protects you from fire.
   It protects you from cold.
   It protects you from poison.
Armour
 x - a +2 robe of fire resistance (melded)
 A - a scarf of repulsion (worn)
 B - the +1 hat of Intercession (worn) {rF++ Str+4 Slay+2}
   (You found it in a Gauntlet)

   It affects your strength (+4).
   It affects your accuracy and damage with ranged weapons and melee attacks
   (+2).
   It greatly protects you from fire.
 N - a +3 buckler (worn)
Jewellery
 a - an uncursed ring of protection from cold
 d - an uncursed ring of wizardry
 k - an uncursed ring of ice
 q - an uncursed ring of ice
 r - an uncursed ring of positive energy
 u - an uncursed ring of fire
 v - an uncursed amulet of guardian spirit
 y - a +4 ring of slaying (right hand)
 H - an uncursed ring of protection from fire
 I - an uncursed ring of wizardry
 K - the amulet of Beogh's Whim (around neck) {RegenMP rF+}
   (You acquired it on level 4 of the Vaults)

   [amulet of magic regeneration]

   It increases your magic regeneration.
   It protects you from fire.
 O - a +4 ring of protection (left hand)
 Y - an uncursed ring of wizardry
 Z - an uncursed ring of stealth
Wands
 m - a wand of acid (6)
 G - a wand of digging (22)
 M - a wand of iceblast (6)
 U - a wand of random effects (42)
Scrolls
 b - 9 scrolls of amnesia
 e - 22 scrolls of teleportation
 g - 7 scrolls of enchant weapon
 i - a scroll of vulnerability
 j - 5 scrolls of magic mapping
 l - 3 scrolls of fog
 o - 7 scrolls of enchant armour
 p - 17 scrolls of remove curse
 s - 7 scrolls of immolation
 t - 12 scrolls of identify
 Q - 4 scrolls of silence
Potions
 c - 3 potions of cancellation
 f - 10 potions of flight
 h - 4 potions of brilliance
 z - 2 potions of mutation
 C - 3 potions of resistance
 D - a potion of magic
 L - 4 potions of haste
 P - 20 potions of curing
 S - 2 potions of might
 W - a potion of invisibility
Miscellaneous
 n - a phantom mirror
 F - a phial of floods
 R - a condenser vane


   Skills:
 * Level 13.3 Fighting
 * Level 10.2 Polearms
 * Level 20.3 Dodging
 * Level 9.9 Stealth
 * Level 6.8 Shields
 - Level 17.0 Spellcasting
 * Level 6.3 Conjurations
 - Level 6.0 Hexes
 * Level 18.4 Transmutations
 - Level 7.0 Earth Magic
 - Level 10.5 Poison Magic
 + Level 13.1 Evocations


You had 20 spell levels left.
You knew the following spells:

 Your Spells              Type           Power        Failure   Level
a - Sting                 Tmut/Pois      ####         0%          1
b - Summon Mana Viper     Hex/Summ       #####...     19%         5
c - Irradiate             Conj/Tmut      ######....   1%          5
d - Olgreb's Toxic Radia  Pois           ######..     1%          4
e - Eringya's Noxious Bo  Tmut/Pois      #######...   1%          6
i - Ignite Poison         Fire/Tmut/Pois ######..     1%          3
x - Mephitic Cloud        Conj/Pois/Air  #####...     1%          3
z - Statue Form           Tmut/Erth      ######...    1%          6

Your spell library contained the following spells:

 Spells                   Type           Power        Failure   Level
 Beastly Appendage        Tmut           ######       0%          1
 Wereblood                Tmut           #######.     0%          2
 Foxfire                  Conj/Fire      ####         1%          1
 Magic Dart               Conj           ####         1%          1
 Sandblast                Erth           ######       1%          1
 Passwall                 Tmut/Erth      ######..     1%          2
 Poisonous Vapours        Pois/Air       #####.       1%          2
 Slow                     Hex            ######..     1%          2
 Conjure Flame            Conj/Fire      #####...     1%          3
 Inner Flame              Hex/Fire       #####...     1%          3
 Spider Form              Tmut/Pois      #######...   1%          3
 Stone Arrow              Conj/Erth      ######       1%          3
 Summon Guardian Golem    Hex/Summ       #####...     1%          3
 Ice Form                 Ice/Tmut       ######..     1%          4
 Leda's Liquefaction      Hex/Erth       ######....   1%          4
 Petrify                  Tmut/Erth      ######..     1%          4
 Alistair's Intoxication  Tmut/Pois      #######..    1%          5
 Blade Hands              Tmut           #######...   1%          5
 Hydra Form               Tmut           #######...   1%          6
 Dragon Form              Tmut           #######...   1%          7
 Summon Small Mammal      Summ           ###.         2%          1
 Blink                    Tloc           N/A          3%          2
 Call Imp                 Summ           ###.....     3%          2
 Corpse Rot               Necr/Air       N/A          3%          2
 Sublimation of Blood     Necr           ###.......   3%          2
 Swiftness                Air            ###.....     3%          2
 Lee's Rapid Deconstruct  Erth           ######....   3%          5
 Sticky Flame             Conj/Fire      #####...     6%          4
 Call Canine Familiar     Summ           ###.....     7%          3
 Bolt of Magma            Conj/Fire/Erth #####.....   11%         5
 Fireball                 Conj/Fire      #####.....   19%         5
 Animate Dead             Necr           ###.......   24%         4
 Summon Ice Beast         Ice/Summ       ###.....     24%         4
 Summon Lightning Spire   Summ/Air       ###.....     24%         4
 Iron Shot                Conj/Erth      ######....   24%         6
 Agony                    Necr           ###.....     54%         5
 Summon Demon             Summ           ###.......   54%         5
 Summon Forest            Summ/Tloc      ###.......   54%         5
 Shadow Creatures         Summ           N/A          98%         6
 Summon Hydra             Summ           ###.......   100%        7
 Shatter                  Erth           ######....   100%        9


Dungeon Overview and Level Annotations

Branches:
Dungeon (15/15)            Temple (1/1) D:6            Lair (6/6) D:9
  Swamp (4/4) Lair:3        Snake (4/4) Lair:4        Slime (0/5) Lair:5
    Orc (2/2) D:12            Elf (0/3) Orc:2        Vaults (4/5) D:13
  Crypt (0/3) Vaults:2     Depths (0/5) D:15        Gauntlet (visited)

Altars:
Ashenzari
Cheibriados
Dithmenos
Elyvilon
Gozag
Kikubaaqudgha
Nemelex Xobeh
Okawaru
Qazlal
Ru
Sif Muna
Trog
Uskayaw
Vehumet
Wu Jian
Xom
Yredelemnul
Zin
The Shining One

Shops:
D:7 !   D:13 [   D:14 (![   Orc:2 (!([   Snake:1 (:   Snake:2 *((}
Snake:3 }=}

Annotations:
D:14 exclusion: ice statue
Lair:5 2 transporters, Luam's ghost, journeyman OpFi


Innate Abilities, Weirdness & Mutations

You are very small and have problems with some larger weapons.
You are too small for most types of armour.
You have supernaturally acute eyesight. (SInv)
((You cover ground extremely quickly.))


Message History

You kill the swamp dragon!
The fire elemental becomes distracted by the nearby gold, dreaming of imaginary riches.
The titan waves its arms in wide circles.
The air twists around and strikes you!
* * * LOW HITPOINT WARNING * * *
The titan becomes distracted by the nearby gold, dreaming of imaginary riches.
Unknown command.
Okay, then.
Okay, then.
Unknown command. [a] - 220 gold - resistance [b] - 924 gold - lignification, might, resistance, heal wounds, curing and magic [c] - 522 gold - resistance and invisibility Purchase which effect?
You feel protected.
You fade into invisibility!
The fire elemental is no longer distracted by gold.
The fire elemental becomes distracted by the nearby gold, dreaming of imaginary riches.
The titan hits you!
You die...
Your body crumbles into a pile of gold.

#....... #####
###### #.......
......#....#
#.......
......#....#
#.......
......#....#
#.......
...E..'....#
#.......
.D...EeC...#
######## #C$..#
#.8..# #....#
####....# $
$#.......# $
#....)).# $
$$$#.......#
############($$....#
......))...'$..$...#
.......=)).'$(.....#


You could see 2 titans, a deep elf mage and 2 fire elementals.

Vanquished Creatures
  Sojobo (Vaults:4)
  Margery (Vaults:4)
  Nikola (Swamp:2)
  2 bone dragons (Abyss:2)
  2 liches
  Rupert (D:13)
  A tentacled starspawn (Abyss:2)
  A sphinx (Vaults:4)
  Kirke (Snake:4)
  3 storm dragons (Vaults:4)
  3 tengu reavers
  Donald (Vaults:4)
  10 nagarajas
  Aizul (Snake:3)
  A frost giant (Vaults:4)
  11 vault wardens
  3 deep elf sorcerers (Vaults:1)
  Louise (Snake:4)
  9 ironheart preservers
  A war gargoyle (Vaults:4)
  2 stone giants (Vaults:4)
  A very ugly thing (Vaults:2)
  A deep elf demonologist (Vaults:1)
  A yellow draconian (Vaults:4)
  A deep elf annihilator (Vaults:1)
  A minotaur (Gauntlet)
  4 bunyips
  A deep elf death mage (Vaults:1)
  An eleionoma (Swamp:2)
  3 ettins
  A shambling mangrove (Swamp:4)
  Josephine (Lair:6)
  2 yaktaur captains
  A deep elf high priest (Vaults:4)
  A fire dragon (Lair:6)
  A great orb of eyes (Vaults:1)
  6 boulder beetles
  3 ghost crabs
  2 rakshasas (Vaults:1)
  7 vault guards
  20 hydras
  16 naga warriors
  3 death knights
  Fannar (D:10)
  2 catoblepae (Lair:6)
  25 two-headed ogres
  Sonja (D:12)
  10 ogre magi
  5 centaur warriors
  7 ice dragons
  11 anacondas
  2 deep troll shamans
  4 alligators
  The ghost of OTABOTABOTAB the Acolyte, a journeyman GrFi of the Shining One (D:10)
  8 death yaks (D:9)
  5 shock serpents
  4 deep troll earth magi
  2 thrashing horrors (Abyss:2)
  10 naga sharpshooters
  6 deep elf knights
  3 goliath frogs
  4 hell knights (Vaults:4)
  A sixfirhy (Abyss:2)
  A shock serpent (shapeshifter) (Vaults:1)
  2 shadow wraiths
  2 salamander mystics
  2 wretched stars (Abyss:2)
  9 sea snakes (Snake:4)
  3 spriggan druids
  13 deep trolls
  3 unseen horrors
  13 skeletal warriors
  3 bog bodies (Swamp:2)
  4 swamp dragons
  A glowing orange brain (Vaults:2)
  An obsidian statue (Snake:2)
  4 naga ritualists
  3 lindwurms
  A wizard (D:15)
  3 deep elf archers (Vaults:1)
  4 necromancers
  11 orc knights
  8 ironbrand convokers
  2 phantasmal warriors
  A wolf spider (Vaults:1)
  A wolf spider zombie (D:14)
  36 ugly things
  14 mana vipers
  2 orc sorcerers
  13 guardian serpents
  2 oklob plants
  18 deep elf magi
  3 cyclopes
  5 salamanders
  A manticore (D:14)
  4 will-o-the-wisps
  3 worldbinders (Abyss:2)
  2 centaur zombies
  27 black mambas
  7 elephants
  16 naga magi
  A smoke demon (Abyss:2)
  Maurice (D:13)
  An orange demon (Abyss:2)
  An eye of devastation (Vaults:4)
  11 cane toads
  A gargoyle (D:10)
  7 torpor snails
  5 vault sentinels
  3 kobold demonologists (D:13)
  15 komodo dragons
  4 rime drakes
  9 freezing wraiths
  16 yaktaurs
  2 polar bears
  18 hornets
  A meliai (shapeshifter) (Vaults:4)
  8 raiju (Abyss:2)
  6 trolls
  12 tyrant leeches
  9 blink frogs
  17 slime creatures
  5 dream sheep (Lair:4)
  6 flying skulls (Gauntlet)
  12 starcursed masses (Abyss:2)
  4 shadows
  8 wraiths
  2 ynoxinuls
  10 spriggans
  A water elemental (D:14)
  6 small abominations (Abyss:2)
  58 yaks
  6 wyverns
  6 hogs (Snake:4)
  A golden eye (shapeshifter) (D:13)
  A basilisk (shapeshifter) (D:14)
  2 chaos spawn (Abyss:2)
  12 large abominations (Abyss:2)
  5 vampire mosquitoes
  A basilisk (Lair:6)
  4 swamp worm simulacra (Swamp:4)
  4 steam dragons
  14 swamp worms
  A soldier ant (D:14)
  2 wargs
  12 hydra simulacra (Swamp:4)
  5 acid dragons
  54 nagas
  21 water moccasins
  A nameless horror (D:15)
  2 swamp drakes
  3 phantoms
  2 ice beasts
  5 sky beasts
  5 black bears
  42 orc warriors
  20 ogres
  An eye of draining (shapeshifter) (D:14)
  37 wolves
  22 centaurs
  9 bullfrogs
  3 big kobolds
  2 wyvern skeletons
  2 scorpions
  19 killer bees
  6 wights
  6 howler monkeys
  4 electric eels
  A bullfrog zombie (D:7)
  4 hounds
  A lava snake (Lair:3)
  16 jellies
  13 orc priests
  3 centaur skeletons
  4 iron imps
  17 orc wizards
  A bullfrog skeleton (D:11)
  7 iguanas
  11 worker ants
  6 hell rats (Lair:1)
  A killer bee zombie (D:7)
  A hound skeleton (D:8)
  4 gnolls (D:4)
  12 adders
  3 shadow imps
  3 white imps
  4 swamp drake simulacra (Swamp:4)
  6 ufetubi
  An ooze (D:5)
  An adder zombie (D:6)
  3 adder skeletons
  2 worms
  A dart slug (D:4)
  5 leopard geckos
  96 orcs
  7 giant cockroaches
  4 goblins
  3 hobgoblins
  3 jackals (D:4)
  2 quokkas
  A ball python (D:2)
  5 bats
  2 frilled lizards
  15 kobolds
  A leopard gecko zombie (D:5)
  3 rats
  A butterfly (D:6)
  2 starspawn tentacles (Abyss:2)
1373 creatures vanquished.

Vanquished Creatures (collateral kills)
  Roxanne (D:15)
  A death knight (D:13)
  A salamander (Snake:1)
  A manticore (D:15)
  2 yaks (D:12)
  A naga (Snake:1)
  A bullfrog (D:12)
  2 wights (D:11)
10 creatures vanquished.

Vanquished Creatures (others)
  3 nagarajas (Snake:4)
  2 ironheart preservers (Vaults:1)
  A hydra (Swamp:2)
  An anaconda (Snake:4)
  A spriggan druid (Swamp:1)
  2 sea snakes (Snake:4)
  A mana viper (Snake:4)
  An ugly thing (D:12)
  A naga mage (Snake:4)
  A centaur skeleton (D:12)
  3 bloated husks
  A hornet (Swamp:4)
  A spriggan (Swamp:4)
  2 vampire mosquitoes (Swamp:3)
  A swamp worm (Swamp:4)
  2 nagas (Snake:4)
  A sky beast (D:15)
  An iguana (Lair:6)
  A bush (D:9)
  22 foxfires
  26 fungi
  54 plants
  4 starspawn tentacles (Abyss:2)
133 creatures vanquished.

Grand Total: 1516 creatures vanquished

Notes
Turn   | Place    | Note
-------+----------+-------------------------------------------
     0 | D:1      | dickylongcocking the Spriggan Venom Mage began the quest
                  | for the Orb.
     0 | D:1      | Reached XP level 1. HP: 9/9 MP: 5/5
   359 | D:1      | Reached XP level 2. HP: 13/13 MP: 6/6
  1347 | D:2      | Reached XP level 3. HP: 16/16 MP: 4/8
  1398 | D:2      | Found an iron altar of Okawaru.
  1742 | D:2      | You fall into a shaft and drop 2 floors!
  1896 | D:4      | Reached skill level 5 in Transmutations
  1896 | D:4      | Reached XP level 4. HP: 21/21 MP: 6/9
  2125 | D:4      | Reached XP level 5. HP: 24/24 MP: 1/10
  2590 | D:4      | Noticed a phantom
  2605 | D:4      | Learned a level 3 spell: Mephitic Cloud
  2612 | D:4      | Learned a level 3 spell: Ignite Poison
  2677 | D:4      | Killed a phantom
  2677 | D:4      | Reached XP level 6. HP: 28/28 MP: 0/11
  3151 | D:5      | Entered Level 5 of the Dungeon
  3653 | D:5      | Found a sparkling altar of Nemelex Xobeh.
  3658 | D:5      | Noticed a water moccasin
  3667 | D:5      | Killed a water moccasin
  4272 | D:5      | Noticed a sky beast
  4276 | D:5      | Killed a sky beast
  4276 | D:5      | Reached XP level 7. HP: 32/32 MP: 6/12
  4549 | D:6      | Reached skill level 10 in Transmutations
  5303 | D:6      | Found a staircase to the Ecumenical Temple.
  5361 | Temple   | Entered the Ecumenical Temple
  5441 | Temple   | Became a worshipper of Gozag Ym Sagoz the Greedy
  5473 | D:6      | Found a hide-covered altar of Uskayaw.
  5521 | D:6      | Reached XP level 8. HP: 25/36 MP: 0/13
  6121 | D:6      | Upgraded the game from 0.26-a0-757-g626ac9e51a to
                  | 0.26-a0-771-g060e6a62af
  6216 | D:7      | Found an ancient bone altar of Kikubaaqudgha.
  6227 | D:7      | Learned a level 4 spell: Olgreb's Toxic Radiance
  6369 | D:7      | Reached skill level 1 in Fighting
  6443 | D:7      | Reached skill level 5 in Poison Magic
  7209 | D:7      | Found Cunuusch's Distillery.
  7212 | D:7      | Bought a potion of mutation for 88 gold pieces
  7212 | D:7      | Bought a potion of heal wounds for 55 gold pieces
  7346 | D:7      | Reached XP level 9. HP: 42/43 MP: 6/15
  7529 | D:7      | Bought a potion of curing for 33 gold pieces
  7529 | D:7      | Bought a potion of lignification for 33 gold pieces
  7529 | D:7      | Bought a potion of resistance for 110 gold pieces
  8260 | D:8      | Noticed a two-headed ogre
  8270 | D:8      | Killed a two-headed ogre
  8270 | D:8      | Reached skill level 4 in Dodging
  8282 | D:8      | Reached skill level 5 in Dodging
  8282 | D:8      | Reached skill level 5 in Spellcasting
  8773 | D:8      | Found an opulent altar of Gozag.
  9895 | D:9      | Noticed a troll
  9898 | D:9      | Killed a troll
  9898 | D:9      | Reached skill level 6 in Dodging
  9898 | D:9      | Reached XP level 10. HP: 50/50 MP: 7/19
  9986 | D:9      | Noticed a death yak
  9986 | D:9      | Noticed a death yak
  9988 | D:9      | Found a staircase to the Lair.
  9991 | D:9      | Killed a death yak
  9995 | D:9      | Killed a death yak
  9995 | D:9      | Noticed a death yak
 10117 | D:9      | Killed a death yak
 10117 | D:9      | Reached skill level 7 in Dodging
 10231 | D:9      | Noticed a death yak
 10232 | D:9      | Noticed a death yak
 10232 | D:9      | Noticed a death yak
 10232 | D:9      | Noticed a death yak
 10233 | D:9      | Noticed a death yak
 10243 | D:9      | Killed a death yak
 10243 | D:9      | Reached skill level 5 in Fighting
 10243 | D:9      | Killed a death yak
 10243 | D:9      | Reached skill level 8 in Dodging
 10243 | D:9      | Killed a death yak
 10246 | D:9      | Killed a death yak
 10246 | D:9      | Reached XP level 11. HP: 56/56 MP: 3/23
 10407 | D:9      | Killed a death yak
 10786 | D:9      | Found a stormy altar of Qazlal.
 11047 | D:9      | Reached skill level 9 in Dodging
 11227 | D:9      | Reached skill level 1 in Evocations
 11253 | D:9      | Noticed a two-headed ogre
 11352 | D:9      | Killed a two-headed ogre
 11520 | D:9      | You fall into a shaft and drop 3 floors!
 11520 | D:12     | Noticed a green ugly thing
 11521 | D:12     | Noticed a cyan ugly thing
 11521 | D:12     | Noticed a two-headed ogre
 11523 | D:12     | Killed a cyan ugly thing
 11523 | D:12     | Killed a two-headed ogre
 11569 | D:12     | Noticed Sonja
 11612 | D:12     | Killed Sonja
 11800 | D:12     | Reached skill level 10 in Dodging
 12268 | D:12     | Noticed a skeletal warrior
 12268 | D:12     | You fall into a shaft and drop 2 floors!
 12326 | D:14     | Found Neep's Antique Armour Emporium.
 12330 | D:14     | Noticed a fire crab
 12335 | D:14     | a fire crab changed into an eye of draining
 12518 | D:14     | Found a shimmering altar of Xom.
 12669 | D:13     | Noticed Maurice
 12674 | D:13     | Noticed Rupert
 12676 | D:13     | Noticed a deep elf mage
 12677 | D:13     | Killed Maurice
 12686 | D:13     | Killed a deep elf mage
 12686 | D:13     | Reached XP level 12. HP: 62/62 MP: 1/26
 12687 | D:13     | Killed Rupert
 12687 | D:13     | Reached skill level 15 in Transmutations
 12892 | D:14     | Found Leoqabb's Weapon Shoppe.
 12945 | D:14     | Noticed a boulder beetle
 12952 | D:14     | Killed a boulder beetle
 12964 | D:14     | Found Xaipipiz's Distillery.
 12967 | D:14     | Bought a potion of magic for 136 gold pieces
 12967 | D:14     | Bought a potion of heal wounds for 85 gold pieces
 13153 | D:14     | Reached skill level 11 in Dodging
 13438 | D:13     | Noticed a death knight
 13458 | D:13     | Found Ceprior's Antique Armour Boutique.
 13477 | D:13     | Killed a death knight
 13620 | D:13     | Reached skill level 10 in Spellcasting
 13669 | D:13     | Noticed a four-headed hydra
 14137 | D:12     | Found a staircase to the Orcish Mines.
 14582 | D:11     | Noticed an eight-headed hydra
 14619 | D:11     | Killed an eight-headed hydra
 14619 | D:11     | Reached skill level 10 in Poison Magic
 14833 | D:11     | Noticed a two-headed ogre
 14842 | D:11     | Killed a two-headed ogre
 14842 | D:11     | Reached skill level 5 in Evocations
 15117 | D:11     | Paralysed by a hornet for 2 turns
 15311 | D:11     | Noticed a six-headed hydra
 15362 | D:11     | Killed a six-headed hydra
 15560 | D:11     | Reached skill level 12 in Dodging
 15707 | D:11     | Reached XP level 13. HP: 67/67 MP: 13/28
 17913 | D:10     | Entered Level 10 of the Dungeon
 17965 | D:10     | Noticed Fannar
 17972 | D:10     | Killed Fannar
 18464 | D:14     | Bought the +8 lance "Wyrmbane" {slay drac, rPois rF+ rC+
                  | AC+3} for 1131 gold pieces
 18464 | D:14     | Found the +8 lance "Wyrmbane" {slay drac, rPois rF+ rC+
                  | AC+3}
 19440 | D:15     | Entered Level 15 of the Dungeon
 19597 | D:15     | Found a gate leading to a gauntlet.
 19602 | Gauntlet | Entered a Gauntlet
 19602 | Gauntlet | Found a transporter.
 19602 | Gauntlet | Found a transporter.
 19605 | Gauntlet | Found a transporter.
 19607 | Gauntlet | Found a transporter.
 19617 | Gauntlet | Found a transporter.
 19621 | Gauntlet | Found a transporter.
 19633 | Gauntlet | Found a transporter.
 19633 | Gauntlet | Found a transporter.
 19635 | Gauntlet | Found a transporter.
 19662 | Gauntlet | Found a transporter.
 19672 | Gauntlet | Found a transporter.
 19676 | Gauntlet | Found a transporter.
 19877 | Gauntlet | Reached skill level 1 in Polearms
 20301 | Gauntlet | Got a scorched hat
 20306 | Gauntlet | Identified the +1 hat of Intercession {rF++ Str+4 Slay+2}
                  | (You found it in a Gauntlet)
 20341 | Gauntlet | Noticed a minotaur
 20345 | Gauntlet | Killed a minotaur
 20757 | D:13     | Reached skill level 13 in Dodging
 21359 | D:13     | Found a gate to the Vaults.
 21577 | D:10     | Found a runed translucent gate.
 21577 | D:10     | Found a runed translucent gate.
 21577 | D:10     | Found a runed translucent gate.
 21954 | D:10     | Noticed OTABOTABOTAB's ghost (journeyman GrFi)
 22836 | D:10     | Killed OTABOTABOTAB's ghost
 23288 | D:9      | Found a bloodstained altar of Trog.
 23833 | D:9      | Found a sacrificial altar of Ru.
 24164 | Orc:1    | Entered Level 1 of the Orcish Mines
 24959 | Orc:2    | Entered Level 2 of the Orcish Mines
 25057 | Orc:2    | Reached XP level 14. HP: 62/74 MP: 9/30
 25257 | Orc:2    | Found a staircase to the Elven Halls.
 26211 | Orc:2    | Found Corab's Weapon Shoppe.
 26211 | Orc:2    | Found Moemae's Distillery.
 26214 | Orc:2    | Found Lelob's Antique Weapon Boutique.
 26216 | Orc:2    | Found Jaif's Armour Emporium.
 27204 | Lair:1   | Entered Level 1 of the Lair of Beasts
 27362 | Lair:1   | Reached skill level 14 in Dodging
 31012 | Lair:3   | You fall into a shaft and drop 1 floor!
 31350 | Lair:4   | Found a staircase to the Snake Pit.
 33090 | Lair:5   | Found a staircase to the Slime Pits.
 33236 | Lair:5   | Reached skill level 15 in Dodging
 33273 | Lair:6   | Entered Level 6 of the Lair of Beasts
 33286 | Lair:6   | Reached skill level 5 in Polearms
 33534 | Lair:6   | Noticed Josephine
 33543 | Lair:6   | Killed Josephine
 33563 | Lair:6   | Reached XP level 15. HP: 73/80 MP: 3/33
 33879 | Lair:6   | Reached skill level 10 in Fighting
 35132 | Lair:6   | Found a runed translucent door.
 36203 | Lair:5   | Found a hide-covered altar of Uskayaw.
 36219 | Lair:5   | Found a transporter.
 36237 | Lair:5   | Noticed Luam's ghost (journeyman OpFi)
 36658 | Lair:5   | Reached skill level 16 in Dodging
 36739 | Lair:5   | Found a transporter.
 38238 | Lair:3   | Found a staircase to the Swamp.
 40199 | D:15     | Found a staircase to the Depths.
 40322 | D:15     | Found a hide-covered altar of Uskayaw.
 41175 | D:15     | Noticed Roxanne
 41393 | D:15     | Reached skill level 10 in Evocations
 41550 | D:15     | Learned a level 5 spell: Summon Mana Viper
 41704 | D:15     | Killed Roxanne
 41704 | D:15     | Reached XP level 16. HP: 86/86 MP: 13/35
 41715 | D:15     | Learned a level 6 spell: Statue Form
 42070 | Swamp:1  | Entered Level 1 of the Swamp
 42175 | Swamp:1  | Reached skill level 1 in Hexes
 43243 | Swamp:2  | Reached skill level 17 in Dodging
 43796 | Swamp:2  | Noticed Nikola
 43815 | Swamp:2  | Killed Nikola
 44105 | Swamp:2  | You fall into a shaft and drop 1 floor!
 44167 | Swamp:3  | Reached skill level 15 in Spellcasting
 45448 | Swamp:4  | Entered Level 4 of the Swamp
 45706 | Swamp:4  | Reached skill level 5 in Hexes
 46089 | Swamp:4  | Got a decaying rune of Zot
 47469 | Snake:1  | Entered Level 1 of the Snake Pit
 47650 | Snake:1  | Found Jeeqoadd's Book Boutique.
 47658 | Snake:1  | Bought a book of Transfigurations for 935 gold pieces
 47658 | Snake:1  | Bought the Handbook of Unholy Poison for 1147 gold pieces
 47664 | Snake:1  | Learned a level 5 spell: Irradiate
 47671 | Snake:1  | Learned a level 6 spell: Eringya's Noxious Bog
 47671 | Snake:1  | Found Rophala's Antique Weapon Boutique.
 47975 | Snake:1  | Reached skill level 1 in Shields
 48262 | Snake:1  | Reached XP level 17. HP: 91/91 MP: 37/37
 48726 | Snake:2  | Found a transporter.
 48804 | Snake:2  | Found Saceeph's Antique Weapon Emporium.
 48804 | Snake:2  | Found Goheto's Antique Weapon Shoppe.
 48805 | Snake:2  | Found Bena's Gadget Emporium.
 48807 | Snake:2  | Found Sockuvaa's General Store.
 48847 | Snake:2  | Bought a potion of heal wounds for 70 gold pieces
 48847 | Snake:2  | Bought a potion of curing for 42 gold pieces
 49136 | Snake:2  | Found a transporter.
 49322 | Snake:2  | Reached skill level 1 in Earth Magic
 49330 | Snake:2  | Reached skill level 1 in Conjurations
 49497 | Snake:2  | Identified the Guide on Aerial Transmutation
 49509 | Snake:2  | Identified the cursed +0 cloak "Woriuff" {rF+ MR- Int+2}
                  | (You found it on level 2 of the Snake Pit)
 49511 | Snake:2  | Identified the +0 hat of Too Many Cooks {+Inv} (You found
                  | it on level 2 of the Snake Pit)
 49684 | Snake:3  | Reached skill level 18 in Dodging
 49692 | Snake:3  | Cast into level 2 of the Abyss (naga warrior)
 50138 | Abyss:2  | Noticed a bone dragon
 50153 | Abyss:2  | Killed a bone dragon
 50169 | Abyss:2  | Noticed a bone dragon
 50179 | Abyss:2  | Killed a bone dragon
 50249 | Abyss:2  | Noticed a lich
 50264 | Abyss:2  | Killed a lich
 50287 | Abyss:2  | Noticed a profane servitor
 50298 | Snake:3  | Escaped the Abyss
 50685 | Snake:3  | Found Det Begh's Gadget Shoppe.
 50685 | Snake:3  | Found Jut Jula's Jewellery Boutique.
 50686 | Snake:3  | Found Wemur's Gadget Shoppe.
 50780 | Snake:3  | Noticed Aizul
 50809 | Snake:3  | Killed Aizul
 51494 | Snake:4  | Entered Level 4 of the Snake Pit
 51589 | Snake:4  | Reached XP level 18. HP: 98/98 MP: 20/39
 52148 | Snake:4  | Noticed Kirke
 52159 | Snake:4  | Killed Kirke
 52343 | Snake:4  | Noticed Louise
 52370 | Snake:4  | Killed Louise
 53616 | Snake:4  | Reached skill level 19 in Dodging
 53871 | Snake:4  | Got a serpentine rune of Zot
 54382 | Vaults:1 | Entered Level 1 of the Vaults
 54520 | Vaults:1 | Noticed a Brimstone Fiend
 54523 | Vaults:1 | Reached skill level 5 in Earth Magic
 54925 | Vaults:1 | Reached XP level 19. HP: 102/102 MP: 35/40
 55043 | Vaults:1 | Reached skill level 5 in Shields
 55146 | Vaults:1 | Identified the +3 short sword "Tatiur" {vorpal, +Inv rPois
                  | Int+3}
 55989 | Vaults:1 | Reached skill level 5 in Stealth
 56383 | Vaults:2 | Reached skill level 5 in Conjurations
 56400 | Vaults:2 | Found a staircase to the Crypt.
 57870 | Vaults:2 | Reached XP level 20. HP: 108/108 MP: 38/42
 58436 | Vaults:4 | Noticed Donald
 58459 | Vaults:4 | Killed Donald
 59037 | Vaults:4 | Noticed Sojobo
 59043 | Vaults:4 | Killed Sojobo
 59043 | Vaults:4 | Reached skill level 20 in Dodging
 59275 | Vaults:4 | Reached skill level 10 in Polearms
 59391 | Vaults:4 | Identified a scroll of acquirement
 59392 | Vaults:4 | Acquired the amulet of Beogh's Whim {RegenMP rF+}
 59438 | Vaults:4 | Noticed Margery
 59460 | Vaults:4 | Killed Margery
 60150 | Vaults:4 | Mangled by a titan

Illustrated notes

Levels and vault maps discovered:
D:1:      giann_forest_graveyard, layout_loops_ring,
          chequers_serial_rivers_large_a, minivault_26
D:2:      layout_loops_ring, okawaru_trees_2
D:4:      layout_basic
D:5:      layout_loops_cross, kennysheep_mini, minmay_door_square,
          lemuel_old_faithful
D:6:      layout_rooms, minmay_temple_entry_butterflies, basic_altar,
          chequers_serial_rivers_micro_e
D:7:      layout_gridville, basic_altar, serial_shops, nicolae_shop_behind_doors
D:8:      layout_loops_corners, serial_aquarium, aquarium_bridge_square
          [aquarium_subvault_bridge, aquarium_subvault_bridge,
          aquarium_subvault_wall, aquarium_subvault_wall],
          aquarium_bridge_straight [aquarium_subvault_bridge,
          aquarium_subvault_balcony, aquarium_subvault_bridge,
          aquarium_subvault_wall], aquarium_window_corridor_1,
          aquarium_window_1, aquarium_view_2e, aquarium_view_2g,
          aquarium_pool_S, nicolae_gozag_cash_rules_everything_around_me
D:9:      layout_gridville, kennysheep_mini_moat, lemuel_crystal_altar,
          dpeg_lair_monsters, trog_ov_bears_minmay
D:10:     minmay_chambers_of_sixes, layout_gridville,
          gammafunk_ghost_hydra_chop, uniq_fannar
D:11:     layout_grid_maze, minmay_misc_feat_cross
D:12:     layout_big_octagon, orc_0_dummy, lemuel_flame_loot_1, uniq_sonja
D:13:     layout_cave_pools, david_vaults_4, serial_shops, shop,
          nrook_guardian_serpent_double, uniq_rupert, uniq_maurice
D:14:     layout_irregular_city, serial_shops, nicolae_shop_behind_doors, shop,
          nicolae_shop_window_shopping, minmay_misc_feat_ornament, minivault_16,
          hangedman_decor_push, nicolae_lava_and_water, xom_teletrap_fun
D:15:     hangedman_depths_entry_civil_slaughter, layout_basic,
          gauntlet_entry_generic, serial_rivers, chequers_serial_rivers_small_b,
          chequers_serial_rivers_room_b, chequers_serial_rivers_small_3,
          chequers_serial_rivers_room_b, chequers_serial_rivers_large_b,
          chequers_serial_rivers_small_b, lemuel_statue_altar, uniq_roxanne
Temple:   regret_index_temple_mists
Lair:1:   layout_cave_pods
Lair:2:   layout_regular_city, st_stairs_10, lemuel_fruit_fields,
          grunt_megastairs_3, infiniplex_staircase_pool_2,
          minmay_lair_oklob_chamber
Lair:3:   layout_gridlike, palyth_hydra_swamp_entry
Lair:4:   layout_cave_pods, minmay_snake_entry_six_corridors,
          serial_bayou_shore_a
Lair:5:   layout_regular_city, minmay_slime_entry_jelly_boxes,
          gammafunk_ghost_berserking_beasts, lemuel_oklob_altar
Lair:6:   guppyfry_lair_end_dragon, layout_hall_layers, wormcave,
          grunt_forest_large_clearings, serial_bayou_shore_b, uniq_josephine
Swamp:1:  layout_basic_swamp, evilmike_swamp_ruin_house_5
Swamp:2:  layout_falls_marsh, serial_swamp_ruin, evilmike_swamp_ruin_wall,
          evilmike_swamp_ruin_house_2, evilmike_swamp_ruin_rubble_1, uniq_nikola
Swamp:3:  layout_basic_swamp, evilmike_swamp_ruin_house_6
Swamp:4:  swamp_icy, layout_basic_swamp, swamp_pool1
Snake:1:  layout_basic, minmay_shop_star
Snake:2:  gammafunk_sealed_arena, layout_basic, nicolae_snake_squiggles,
          minmay_shoptagon
Snake:3:  nicolae_aizul_guard, layout_cave_pods, minmay_shop_grove,
          serial_bayou_shore_b, grunt_megastairs_2
Snake:4:  grunt_snake_rune_pools, layout_layer_cave, grunt_megastairs_4,
          uniq_louise, uniq_kirke
Orc:1:    layout_caves, nicolae_orc_rockfall, nicolae_orc_lava_room
Orc:2:    st_orc_rangers, layout_caves
Vaults:1: hangedman_vaults_variations, hangedman_vaults_corner, v_misc_9,
          dpeg_vaults_monster_box, hangedman_vaults_snaps,
          nicolae_vaults_rhombus_5, vaults_room_pool, vaults_room_corners,
          st_lines, layout_vaults_big_room
Vaults:2: nicolae_vaults_network_quinsquares
          [nicolae_vaults_network_quincunx_subvault,
          nicolae_vaults_network_quincunx_subvault,
          nicolae_vaults_network_quincunx_subvault,
          nicolae_vaults_network_quincunx_subvault],
          nicolae_vaults_border_crossing, ontoclasm_vaults_gateway,
          nicolae_vaults_little_squares_1, layout_vaults_omnigrid,
          blue_anna_dwarven_crypt
Vaults:3: ontoclasm_vaults_twist, v_misc_17, hangedman_vaults_maws,
          vaults_mumra_minichess, vaults_room_large_hall, v_alt_pattern_2,
          v_misc_2, hangedman_vaults_corner_blocks, vaults_dpeg_spiral,
          vaults_standard_mumra_x, nicolae_vaults_alarming,
          layout_vaults_omnibox, uniq_mara
Vaults:4: v_misc_30, vaults_room_large_hall, vaults_dpeg_encased_lava,
          st_greater_box_1, nicolae_vaults_inception_statues, v_rooms_4,
          v_misc_26, v_misc_29, v_misc_27, vaults_room_door_ring,
          vaults_room_door_ring, vaults_room_fours, grunt_vaults_focal,
          layout_vaults_maze, uniq_margery, uniq_donald, uniq_sojobo

Skill      XL: |  1  2  3  4  5  6  7  8  9 10 11 12 13 14 15 16 17 18 19 20 |
---------------+-------------------------------------------------------------+-----
Transmutations | 2 4 5 6 8 9 11 12 13 14 15 16 17 18 | 18.4
Poison Magic   | 4 5 7 8 9 10 | 10.5
Fighting       | 2 4 5 6 7 8 9 10 11 12 13 | 13.3
Spellcasting   | 3 5 7 9 10 11 13 14 15 16 17 | 17.0
Dodging        | 6 8 10 12 13 15 16 17 18 19 20 | 20.3
Evocations     | 3 5 7 8 10 11 12 13 | 13.1
Polearms       | 3 5 6 7 8 9 10 | 10.2
Hexes          | 6 |  6.0
Shields        | 1 3 4 5 6 |  6.8
Earth Magic    | 3 5 6 7 |  7.0
Conjurations   | 3 4 5 6 |  6.3
Stealth        | 7 9 |  9.9

Action                   |  1- 3 |  4- 6 |  7- 9 | 10-12 | 13-15 | 16-18 | 19-21 || total
-------------------------+-------+-------+-------+-------+-------+-------+-------++-------
Melee: Dagger            |    10 |    47 |    84 |    68 |    13 |       |       ||   222
       Unarmed           |     3 |       |       |       |    85 |       |       ||    88
       Staff             |       |       |       |    14 |    60 |       |       ||    74
       Lance             |       |       |       |       |   868 |  1382 |   553 ||  2803
 Cast: Sting             |    67 |    68 |    63 |    35 |    47 |     1 |       ||   281
       Mephitic Cloud    |       |     5 |     2 |    22 |    55 |     1 |     1 ||    86
       Ignite Poison     |       |     4 |    33 |    77 |   240 |    49 |    52 ||   455
       Olgreb's Toxic Ra |       |       |    27 |    87 |   222 |    61 |    62 ||   459
       Summon Mana Viper |       |       |       |       |     3 |     1 |       ||     4
       Statue Form       |       |       |       |       |       |    92 |    44 ||   136
       Irradiate         |       |       |       |       |       |    18 |     3 ||    21
       Eringya's Noxious |       |       |       |       |       |     6 |       ||     6
Invok: Potion Petition   |       |       |       |       |     2 |     2 |     1 ||     5
Evoke: Wand              |       |       |     1 |    21 |    32 |     3 |       ||    57
       Phial of floods   |       |       |       |     2 |     4 |     1 |       ||     7
       Phantom mirror    |       |       |       |     1 |     3 |     1 |       ||     5
       Condenser vane    |       |       |       |       |     6 |     1 |       ||     7
  Use: Scroll            |       |       |     9 |    10 |    19 |    10 |     2 ||    50
       Potion            |       |       |     1 |     8 |    14 |     4 |     1 ||    28
 Stab: Sleeping          |       |       |     4 |     1 |     3 |     1 |     5 ||    14
       Distracted        |       |       |       |       |     8 |     9 |     4 ||    21
       Paralysed         |       |       |       |       |    28 |       |       ||    28
       Confused          |       |       |       |       |       |     2 |       ||     2
Armor: Robe              |     5 |     4 |    16 |     5 |    83 |     4 |     1 ||   118
       Skin              |       |       |       |       |   107 |   471 |   112 ||   690
Dodge: Dodged            |    39 |    69 |   118 |   145 |  1369 |  2413 |   642 ||  4795
       Repelled          |       |       |       |     1 |    10 |    65 |    10 ||    86
Block: Buckler           |       |       |       |       |       |   553 |   333 ||   886

Table legend: (Time is in decaauts)
 A = Elapsed time spent in this place.
 B = Non-inter-level travel time spent in this place.
 C = Inter-level travel time spent in this place.
 D = Time resting spent in this place.
 E = Time spent auto-exploring this place.
 F = Levels seen in this place.
 G = Mean time per level.
                   A        B        C        D        E       F      G
               +--------+--------+--------+--------+--------+-----+--------+
         Total |  53009 |  51121 |   1888 |   8753 |  31764 |  37 | 1432.7 |
       Dungeon |  21985 |  20957 |   1028 |   5439 |  12029 |  14 | 1570.4 |
        Temple |     85 |     77 |      8 |      0 |     39 |   1 |   85.0 |
          Lair |   9621 |   9177 |    444 |    985 |   6839 |   6 | 1603.5 |
         Swamp |   5298 |   5150 |    148 |   1085 |   2937 |   4 | 1324.5 |
     Snake Pit |   5956 |   5793 |    163 |    298 |   3752 |   4 | 1489.0 |
  Orcish Mines |   2465 |   2408 |     57 |    681 |   1312 |   2 | 1232.5 |
        Vaults |   6133 |   6095 |     38 |     96 |   4375 |   4 | 1533.2 |
         Abyss |    716 |    716 |      0 |      0 |    201 |   1 |  716.0 |
      Gauntlet |    747 |    747 |      0 |    165 |    276 |   1 |  747.0 |
               +--------+--------+--------+--------+--------+-----+--------+

Top non-repeatable levels by time:
 Snake:4: 2506 daAuts
    D:11: 2497 daAuts
  Lair:6: 2225 daAuts
    D:14: 2208 daAuts
Vaults:2: 2122 daAuts
    D:12: 2067 daAuts
     D:8: 2049 daAuts
     D:9: 1979 daAuts
    D:15: 1974 daAuts
Vaults:1: 1959 daAuts
 Swamp:4: 1943 daAuts
  Lair:3: 1908 daAuts
Vaults:4: 1895 daAuts
    D:10: 1731 daAuts
  Lair:4: 1584 daAuts
